 Dungeon Crawl Stone Soup version 0.22-a0-348-gd16d139 (webtiles) character file.

361 iamserjio the Sneak (level 6, 0/43 HPs)
             Began as an Octopode Monk on Apr 10, 2018.
             Slain by a bullfrog skeleton (7 damage)
             ... on level 4 of the Dungeon.
             The game lasted 00:08:09 (2926 turns).

iamserjio the Sneak (Octopode Monk)                 Turns: 2926, Time: 00:08:10

Health: 0/43       AC:  3    Str: 11    XL:     6   Next: 66%
Magic:  6/6        EV: 16    Int: 12    God:
Gold:   132        SH:  0    Dex: 16    Spells: 5/5 levels left

rFire    . . .     SeeInvis .   a - +0 falchion
rCold    . . .     Gourm    .   (no shield)
rNeg     . . .     Faith    .   x - +2 hat
rPois    .         Spirit   .   (no amulet)
rElec    .         Reflect  .   (no ring)
rCorr    .         Harm     .   (no ring)
MR       .....                  (no ring)
Stlth    ++++......             (no ring)
HPRegen  0.14/turn              (no ring)
MPRegen  0.10/turn              (no ring)
                                (no ring)
                                (no ring)

@: no status effects
A: almost no armour, stealthy swim, amphibious, 8 rings, constrict 8, camouflage
1, gelatinous body 1
a: no special abilities


You were on level 4 of the Dungeon.
You were hungry.

You visited 1 branch of the dungeon, and saw 4 of its levels.

You collected 132 gold pieces.

Inventory:

Hand Weapons
 a - a +0 falchion (weapon)
 f - a cursed +0 short sword
 A - a +0 hunting sling
Missiles
 B - 60 stones (quivered)
Armour
 x - a +2 hat (worn)
Wands
 s - a wand of acid (7)
 y - a wand of flame (9)
Scrolls
 c - a scroll of enchant weapon {unknown}
 d - 3 scrolls of magic mapping {unknown}
 e - 2 scrolls of remove curse {unknown}
 i - 4 scrolls of enchant armour {unknown}
 l - 4 scrolls of identify {unknown}
 o - a scroll of teleportation {unknown}
 p - a scroll of immolation {unknown}
 q - 2 scrolls of random uselessness {unknown}
Potions
 g - 2 potions of lignification {unknown}
 h - a potion of heal wounds {unknown}
 j - a potion of brilliance {unknown}
 k - a potion of resistance {unknown}
 m - a potion of mutation {unknown}
 n - a potion of curing {unknown}
 r - a potion of agility {unknown}
 t - a potion of haste {unknown}
 u - a potion of magic {unknown}
 v - a potion of might {unknown}
 w - a potion of ambrosia {unknown}
 z - a potion of degeneration {unknown}
Comestibles
 b - 11 rations


   Skills:
 + Level 4.0 Fighting
 + Level 4.0 Long Blades
 * Level 4.8 Dodging
 - Level 6.0 Stealth


You had 5 spell levels left.
You didn't know any spells.

Dungeon Overview and Level Annotations

Branches:
Dungeon (4/15)
 Temple: D:4-7

Altars:
Makhleb
Wu Jian


Innate Abilities, Weirdness & Mutations

You cannot wear most types of armour.
You are very stealthy in the water. (Stealth+)
You are amphibious.
You can wear up to eight rings at the same time.
You can use your tentacles to constrict eight enemies at once.
Your skin changes colour to match your surroundings (Stealth+).
Your rubbery body absorbs attacks. (AC +1, EV +1)


Message History

You see here a book of Changes.
You hit the orc. Your grab misses the orc.
The orc is severely wounded.
The orc closely misses you.
The bullfrog skeleton hits you but does no damage.
A quokka comes into view.
The orc completely misses you. The bullfrog skeleton misses you.
You see here a lumpy purple potion.
You barely miss the orc. You grab the orc.
The orc is severely wounded.
You constrict the orc.
You kill the orc!
The bullfrog skeleton closely misses you.
You hit the bullfrog skeleton. Your grab misses the bullfrog skeleton.
The bullfrog skeleton is lightly damaged.
The bullfrog skeleton hits you but does no damage.
You hit the bullfrog skeleton. Your grab misses the bullfrog skeleton.
The bullfrog skeleton is moderately damaged.
The bullfrog skeleton hits you!
You die...

......... ........#
........# ........#
.....r..# # ........#
.## ...#
........#####..#....#
.......@Zo..........#
.......##...##....#.#
.......+..):+ ......
.......##...###...#
####### #...†<....#
#...#.....#
#....)....#
#.....#...#
............#


You could see an orc, a quokka and a bullfrog skeleton.

Vanquished Creatures
  A water moccasin skeleton (D:2)
  An orc priest (D:4)
  Jessica (D:3)
  Ijyb (D:3)
  Natasha (thrice) (D:3)
  Robin (D:3)
  3 adders (D:3)
  An ooze (D:2)
  An adder skeleton (D:2)
  2 worms
  6 dart slugs
  3 leopard geckos
  5 orcs
  8 bats
  3 giant cockroaches
  19 goblins
  17 hobgoblins
  8 kobolds
  A quokka (D:3)
  5 frilled lizards
  6 rats
96 creatures vanquished.

Notes
Turn   | Place    | Note
-------+----------+-------------------------------------------
     0 | D:1      | iamserjio the Octopode Monk began the quest for the Orb.
     0 | D:1      | Reached XP level 1. HP: 16/16 MP: 1/1
    89 | D:1      | Reached skill level 3 in Stealth
    89 | D:1      | Reached XP level 2. HP: 21/21 MP: 2/2
   491 | D:1      | Reached XP level 3. HP: 26/26 MP: 3/3
   837 | D:2      | Found a burning altar of Makhleb.
   837 | D:2      | Noticed a cacodemon
   866 | D:2      | Reached skill level 4 in Stealth
   866 | D:2      | Reached XP level 4. HP: 19/31 MP: 4/4
  1214 | D:2      | Noticed a smoke demon
  1214 | D:2      | Noticed a neqoxec
  1555 | D:3      | Reached XP level 5. HP: 28/36 MP: 5/5
  1651 | D:3      | Noticed Ijyb
  1657 | D:3      | Killed Ijyb
  1983 | D:3      | Noticed Jessica
  2027 | D:3      | Killed Jessica
  2027 | D:3      | Reached skill level 5 in Stealth
  2135 | D:3      | Found an ornate altar of the Wu Jian Council.
  2153 | D:3      | Noticed Natasha
  2161 | D:3      | Killed Natasha
  2206 | D:3      | Noticed Natasha
  2210 | D:3      | Killed Natasha
  2210 | D:3      | Reached XP level 6. HP: 38/43 MP: 6/6
  2227 | D:3      | Noticed Natasha
  2237 | D:3      | Killed Natasha
  2535 | D:3      | Noticed Robin
  2541 | D:3      | Killed Robin
  2914 | D:4      | Reached skill level 6 in Stealth
  2926 | D:4      | Slain by a bullfrog skeleton

Vault maps used:
D:1:      matt_arrival_diagonals
D:2:      makhleb_altar_promises_db
D:3:      lemuel_doored_altar, uniq_natasha, uniq_robin, uniq_ijyb, uniq_jessica
D:4:      minmay_temple_entry_overgrown, lightli_ossuary_entry_decrepit_ruins

Skill      XL: |  1  2  3  4  5  6 |
---------------+-------------------+-----
Stealth        | 3 4 5 6 |  6.0
Dodging        | 4 |  4.8
Fighting       | 4 |  4.0
Long Blades    | 4 |  4.0

Action                   |  1- 3 |  4- 6 || total
-------------------------+-------+-------++-------
Melee: Falchion          |    48 |   132 ||   180
       Constrict         |    12 |    41 ||    53
       Tentacles         |     5 |    30 ||    35
 Stab: Sleeping          |     8 |    22 ||    30
  Eat: Chunk             |       |     6 ||     6
Armor: Skin              |     3 |     7 ||    10
Dodge: Dodged            |    24 |    76 ||   100
       Rpst.: Falchion   |     7 |    20 ||    27

Table legend:
 A = Spawn XP
 B = Non-spawn XP
 C = Spawn XP percentage of total XP
 D = Spawn monster count
 E = Non-spawn monster count
 F = Spawn count percentage of total count
 G = Total turns spent on level
                    A         B        C        D         E        F      G
               +---------+---------+-------+---------+---------+-------+---------
         Total |       0 |     517 |   0.0 |       0 |      96 |   0.0 |  2926
               +---------+---------+-------+---------+---------+-------+---------
           D:1 |       0 |      44 |   0.0 |       0 |      22 |   0.0 |   798
           D:2 |       0 |     114 |   0.0 |       0 |      22 |   0.0 |   725
           D:3 |       0 |     312 |   0.0 |       0 |      49 |   0.0 |  1384
           D:4 |       0 |      47 |   0.0 |       0 |       3 |   0.0 |    19
               +---------+---------+-------+---------+---------+-------+---------
